 Dungeon Crawl Stone Soup version 0.21-a0-193-g085b6a0 (webtiles) character file.

3376 seren the Slasher (level 9, -10/70 HPs)
             Began as a Demonspawn Abyssal Knight on Aug 14, 2017.
             Was an Elder of Lugonu.
             Splashed by Psyche's acid (14 damage)
             ... on level 9 of the Dungeon.
             The game lasted 00:41:07 (8801 turns).

seren the Slasher (Demonspawn Abyssal Knight)       Turns: 8801, Time: 00:41:07

Health: -10/70     AC:  3    Str: 15    XL:     9   Next: 74%
Magic:  0/14       EV: 13    Int: 19    God:    Lugonu [****..]
Gold:   430        SH:  0    Dex: 18    Spells: 2/8 levels left

rFire    . . .     SeeInvis .   a - +1 falchion
rCold    . . .     Gourm    .   (no shield)
rNeg     . . .     Faith    .   D - +3 ring mail
rPois    .         Spirit   +   s - +4 hat of Narcissism {rElec Regen+}
rElec    +         Reflect  .   (no cloak)
rCorr    .         Harm     .   y - +0 pair of gloves
MR       +....                  (no boots)
Stlth    +.........             d - amulet of guardian spirit
HPRegen  0.61/turn              g - ring of protection from magic
MPRegen  0.14/turn              H - +5 ring of dexterity

@: brilliant, corroded, drained
A: horns 1, rugged brown scales 1, demonic guardian 1, powered by death 1
a: Depart the Abyss, Bend Space, Banish, Corrupt, Renounce Religion


You were on level 9 of the Dungeon.
You worshipped Lugonu.
Lugonu was greatly pleased with you.
You were hungry.

You visited 2 branches of the dungeon, and saw 11 of its levels.
You visited the Abyss 1 time.

You collected 475 gold pieces.
You spent 45 gold pieces at shops.

Inventory:

Hand Weapons
 a - a +1 falchion (weapon)
 b - a +0 hunting sling
Missiles
 i - a throwing net (quivered)
 n - 40 sling bullets
Armour
 s - the +4 hat of Narcissism (worn) {rElec Regen+}
   (You found it on level 5 of the Dungeon)

   It insulates you from electricity.
   It increases your rate of regeneration.
 y - a +0 pair of gloves (worn)
 D - a +3 ring mail (worn)
Jewellery
 d - an amulet of guardian spirit (around neck)
 g - a ring of protection from magic (left hand)
 o - an uncursed ring of protection from cold
 H - a +5 ring of dexterity (right hand)
Wands
 r - a wand of random effects (4/48)
 x - a wand of polymorph (16/24)
 C - a wand of disintegration (19/24)
Scrolls
 e - a scroll of vulnerability {unknown}
 j - a scroll of remove curse
 k - 2 scrolls of teleportation {!r}
 l - 2 scrolls of recharging
 m - a scroll of random uselessness {unknown}
 p - 2 scrolls of noise
 t - 6 scrolls of enchant armour
 w - a scroll of blinking {!r}
 F - a scroll of amnesia
 G - a scroll of fear {unknown}
 K - a scroll of identify
Potions
 f - a potion of curing {unknown}
 q - a potion of cancellation
 u - a potion of resistance
 z - 2 potions of flight
 A - a potion of mutation {unknown}
 B - a potion of brilliance
 E - 2 potions of magic
 J - a potion of invisibility {unknown}
Books
 I - a book of Battle

   Spells                             Type                      Level
   a - Infusion                       Charms                       1
   b - Shroud of Golubria             Charms/Translocation         2
   c - Song of Slaying                Charms                       2
   d - Spectral Weapon                Hexes/Charms                 3
   e - Regeneration                   Charms/Necromancy            3
Comestibles
 c - 6 bread rations
 h - a royal jelly
 v - 2 meat rations


   Skills:
 + Level 5.2(5.0) Fighting
 + Level 7.9(7.7) Long Blades
 + Level 4.1(4.0) Armour
 + Level 3.9(3.8) Dodging
 + Level 5.8(5.6) Invocations
 - Level 7.0(6.8) Evocations


You had 2 spell levels left.
You knew the following spells:

 Your Spells              Type           Power        Failure   Level  Hunger
a - Spectral Weapon       Hex/Chrm       ##......     13%         3    ####...
r - Regeneration          Chrm/Necr      ##........   13%         3    ####...


Dungeon Overview and Level Annotations

Branches:
Dungeon (10/15)            Temple (1/1) D:6            Lair (0/6) D:8
    Orc: D:9-12

Altars:
Ashenzari
Cheibriados
Dithmenos
Elyvilon
Fedhas
Gozag
Hepliaklqana
Kikubaaqudgha
Makhleb
Nemelex Xobeh
Okawaru
Qazlal
Ru
Sif Muna
Uskayaw
Vehumet
Wu Jian
Xom
Yredelemnul
Zin
The Shining One

Shops:
D:6 *

Annotations:
D:5 p0werm0de's ghost, novice NaEE
D:7 Pikel
D:9 Psyche


Innate Abilities, Weirdness & Mutations

You have a pair of small horns on your head.
You are partially covered in rugged brown scales. (AC +1, +3% HP)
A weak demonic guardian rushes to your aid.
You regenerate a little health from kills.


Message History

The bolt of acid hits you!
* * * LOW HITPOINT WARNING * * *
The acid corrodes you!
You are splashed with acid!
The acid burns!
* * * LOW HITPOINT WARNING * * *
Your white imp completely misses something.
You hear a zap.
A bolt of acid appears from out of thin air!
The bolt of acid hits you!
* * * LOW HITPOINT WARNING * * *
The acid corrodes you!
You are splashed with acid!
The acid burns!
* * * LOW HITPOINT WARNING * * *
It was a potion of brilliance.
You feel clever all of a sudden.
Your white imp barely misses something.
You hear a zap.
A bolt of acid appears from out of thin air!
The bolt of acid hits you!
* * * LOW HITPOINT WARNING * * *
The acid corrodes you!
You are splashed with acid!
The acid burns!
You die...

#.#.#.#.......)........##.#.#.#
.....#.#########......##.#.#.#
#..#....# #......##.#.#.#
#.......# ######.##.#.#.#
##.#.##..... #.##.#.#.#
.###...############.#.##.#.#.#
#......55@...5.......# #....<..
.....#..######{5.....#.####.###
.....@... #@......#......#
......... #.......########
.......... #.#####.. ....?..>..
#.# . .######### #.# #.# #.≈
#.≈


You could see a friendly quasit and a friendly white imp.

Vanquished Creatures
  A wyvern (D:8)
  A spriggan (D:8)
  Duvessa (D:7)
  2 orc warriors
  2 sky beasts
  A hornet zombie (D:9)
  3 phantoms
  3 wolves (D:8)
  2 ogres (D:6)
  2 centaurs
  2 bullfrogs (D:6)
  Dowan (D:7)
  2 scorpions (D:8)
  3 killer bees (D:8)
  3 crimson imps
  A bullfrog skeleton (D:6)
  A jelly (D:6)
  2 orc priests
  3 hounds (D:8)
  An orc wizard (D:4)
  A centaur skeleton (D:4)
  2 iguanas
  6 worker ants
  Robin (D:2)
  4 gnolls (D:2)
  9 adders
  A howler monkey skeleton (D:5)
  2 oozes
  An adder zombie (D:5)
  2 worms (D:3)
  4 dart slugs
  2 leopard geckos (D:1)
  6 orcs
  8 bats
  2 giant cockroaches
  19 goblins
  10 hobgoblins
  9 jackals
  7 kobolds
  2 quokkas (D:8)
  A ball python (D:4)
  8 frilled lizards
  7 rats
151 creatures vanquished.

Vanquished Creatures (collateral kills)
  A hungry ghost (D:8)
  An ice beast (D:5)
  3 ogres
  A phantom (D:6)
  3 wolves (D:8)
  A bullfrog (D:7)
  A bullfrog zombie (D:9)
  An orc priest (D:6)
  A bullfrog skeleton (D:4)
  A hound (D:4)
  2 gnolls (D:2)
  An adder (D:2)
  An orc (D:9)
18 creatures vanquished.

Grand Total: 169 creatures vanquished

Notes
Turn   | Place    | Note
-------+----------+-------------------------------------------
     0 | Abyss:1  | seren the Demonspawn Abyssal Knight began the quest for the Orb.
     0 | Abyss:1  | Reached XP level 1. HP: 18/18 MP: 2/2
    41 | D:1      | Escaped the Abyss
    50 | D:1      | Reached skill level 1 in Dodging
   206 | D:1      | Gained mutation: You have a pair of small horns on your head. [demonic ancestry]
   206 | D:1      | Reached XP level 2. HP: 17/24 MP: 3/3
   724 | D:1      | Gained mutation: A weak demonic guardian rushes to your aid. [demonic ancestry]
   724 | D:1      | Reached XP level 3. HP: 25/29 MP: 2/4
  1231 | D:1      | Reached ** piety under Lugonu
  1349 | D:2      | Noticed Robin
  1358 | D:2      | Found a burning altar of Makhleb.
  1496 | D:2      | Found a blossoming altar of Fedhas.
  1590 | D:2      | Reached XP level 4. HP: 23/35 MP: 5/5
  1938 | D:2      | Killed Robin
  2446 | D:2      | Reached XP level 5. HP: 38/41 MP: 4/6
  2810 | D:3      | Reached *** piety under Lugonu
  2953 | D:3      | Found a stormy altar of Qazlal.
  3108 | D:3      | Reached skill level 5 in Long Blades
  3119 | D:3      | Found a sparkling altar of Nemelex Xobeh.
  3851 | D:5      | Entered Level 5 of the Dungeon
  3865 | D:5      | Got an ancient hat
  3940 | D:4      | Identified the +4 hat of Narcissism {rElec Regen+} (You found it on level 5 of the Dungeon)
  3945 | D:4      | Found an iron altar of Okawaru.
  4081 | D:4      | Found a white marble altar of Elyvilon.
  4110 | D:4      | You fall through a shaft for 2 floors!
  4110 | D:6      | Noticed an ogre
  4130 | D:6      | Found Roemoss's General Store.
  4134 | D:6      | Noticed an orc warrior
  4215 | D:5      | Noticed p0werm0de's ghost (novice NaEE)
  4276 | D:4      | Gained mutation: You regenerate a little health from kills. [demonic ancestry]
  4276 | D:4      | Reached XP level 6. HP: 47/47 MP: 8/8
  4807 | D:6      | Found a staircase to the Ecumenical Temple.
  4839 | D:5      | Noticed an ice beast
  4853 | D:5      | Killed an ice beast
  5048 | D:6      | Found a sparkling altar of Nemelex Xobeh.
  5074 | D:6      | Gained mutation: You are partially covered in rugged brown scales. (AC +1, +3% HP) [demonic ancestry]
  5074 | D:6      | Reached XP level 7. HP: 23/53 MP: 4/10
  5323 | D:6      | Reached skill level 5 in Invocations
  5332 | Temple   | Entered the Ecumenical Temple
  5480 | D:7      | Found a glowing golden altar of the Shining One.
  5482 | D:7      | Found a shattered altar of Ashenzari.
  5587 | D:7      | Noticed Pikel
  5588 | D:7      | Found a sand-covered staircase.
  5649 | D:7      | Noticed Duvessa
  5651 | D:7      | Noticed Dowan
  5708 | D:7      | Found an opulent altar of Gozag.
  5710 | D:7      | Found a burning altar of Makhleb.
  6148 | D:6      | Found a shadowy altar of Dithmenos.
  6182 | D:6      | Reached XP level 8. HP: 61/61 MP: 11/11
  6254 | D:6      | Reached **** piety under Lugonu
  6631 | D:6      | Bought a scroll of teleportation for 45 gold pieces
  6868 | D:7      | Killed Dowan
  6868 | D:7      | Reached skill level 1 in Evocations
  7428 | D:8      | Reached XP level 9. HP: 67/67 MP: 12/12
  7433 | D:8      | Learned a level 3 spell: Regeneration
  7464 | D:8      | Reached skill level 5 in Evocations
  7676 | D:8      | Noticed a troll
  7780 | D:7      | Killed Duvessa
  7952 | D:8      | Found a staircase to the Lair.
  8134 | D:8      | Reached skill level 5 in Fighting
  8486 | D:8      | Learned a level 3 spell: Spectral Weapon
  8707 | D:10     | Entered Level 10 of the Dungeon
  8783 | D:9      | Noticed Psyche
  8801 | D:9      | Splashed by Psyche's acid

Vault maps used:
D:1:      scummos_arrival_forest, serial_glass, glass_columns_b,
          glass_columns_c, minmay_tetromino_i4
D:2:      fedhas_altar_2, first_bread, minmay_misc_feat_doors, bloody_makhleb,
          uniq_robin
D:3:      nicolae_qazlal_eye_of_the_storm, nemelex_spade_bored_becter
D:4:      lemuel_crystal_altar, okawaru_gym_becter, kennysheep_small_circle
D:6:      grunt_dithmenos_shadows, minmay_temple_entry_purple_smoke,
          serial_shops, shop, nemelex_dance_club_becter
D:7:      nicolae_overflow_hidden_temple, nicolae_ossuary_entry_monument,
          uniq_pikel, uniq_duvessa
D:8:      overflow_temple_1_default, erik_lair_island, the_bakery
D:9:      uniq_prince_ribbit1, uniq_psyche
Temple:   nicolae_temple_hex_pool
Abyss:1:  serial_sigils_hangedman_shear

Skill      XL: |  1  2  3  4  5  6  7  8  9 |
---------------+----------------------------+-----
Dodging        | 1 2 3 |  3.9
Long Blades    | 2 3 4 5 6 7 |  7.9
Invocations    | 3 4 5 |  5.8
Armour         | 2 3 4 |  4.1
Fighting       | 4 5 |  5.2
Evocations     | 4 7 |  7.0

Action                   |  1- 3 |  4- 6 |  7- 9 || total
-------------------------+-------+-------+-------++-------
Melee: Falchion          |   110 |   204 |   428 ||   742
       Headbutt          |    19 |    37 |    91 ||   147
Invok: Banish            |       |       |     1 ||     1
Evoke: Wand              |       |       |     2 ||     2
  Use: Scroll            |       |       |    17 ||    17
       Potion            |       |       |     5 ||     5
 Stab: Distracted        |       |       |     1 ||     1
  Eat: Chunk             |     2 |    10 |    11 ||    23
       Fruit             |       |     1 |     2 ||     3
       Royal jelly       |       |       |     1 ||     1
Armor: Leather armour    |     1 |       |       ||     1
       Scale mail        |    48 |   100 |     2 ||   150
       Ring mail         |       |       |   154 ||   154
Dodge: Dodged            |    65 |   102 |   229 ||   396
       Rpst.: Falchion   |    23 |    31 |    85 ||   139
